 Dungeon Crawl Stone Soup version 0.29.0-11-gd7f09526c8 (webtiles) character file.

Game seed: 13064622456998392657

172 wakxed the Grave Robber (level 5, -4/28 HPs)
             Began as a Deep Elf Necromancer on Sept 3, 2022.
             Killed by nerve-wracking pain
             ... invoked by an orc priest
              (13 damage)
             ... on level 3 of the Dungeon.
             The game lasted 00:21:03 (3370 turns).

wakxed the Grave Robber (Deep Elf Necromancer)      Turns: 3370, Time: 00:21:05

Health: -4/28      AC:  2    Str:  5    XL:     5   Next: 27%
Magic:  9/14       EV: 13    Int: 22    God:
Gold:   185        SH:  0    Dex: 15    Spells: 3/13 levels left

rFire   . . .      SeeInvis .   x - +0 sling
rCold   . . .      Faith    .   (no shield)
rNeg    . . .      Spirit   .   a - +0 robe
rPois   .          Reflect  .   (no helmet)
rElec   .          Harm     .   (no cloak)
rCorr   .          Rampage  .   (no gloves)
Will    .....                   (no boots)
Stlth   ++........              (no amulet)
HPRegen 0.09/turn               (no ring)
MPRegen 0.14/turn               (no ring)

@: no status effects
A: no striking features
a: no special abilities


You were on level 3 of the Dungeon.
You visited 1 branch of the dungeon, and saw 3 of its levels.

You collected 185 gold pieces.

Inventory:

Hand Weapons
 k - a +2 short sword of venom
 x - a +0 sling (weapon)
 y - a +3 dagger of venom
Armour
 a - a +0 robe (worn)
Jewellery
 p - a ring of ice
 q - a ring of fire
Scrolls
 c - a scroll of vulnerability {unknown}
 d - a scroll of amnesia {unknown}
 e - 2 scrolls of fog {unknown}
 h - a scroll of poison {unknown}
 j - a scroll of identify {unknown}
 n - a scroll of silence {unknown}
 o - a scroll of magic mapping {unknown}
 s - a scroll of fear {unknown}
 v - a scroll of teleportation {unknown}
 w - a scroll of blinking {unknown}
Potions
 b - a potion of magic
 f - 3 potions of brilliance {unknown}
 g - 5 potions of curing {unknown}
 i - a potion of invisibility {unknown}
 l - a potion of ambrosia {unknown}
 m - a potion of berserk rage {unknown}
 r - a potion of might {unknown}
 t - a potion of heal wounds {unknown}
 u - 2 potions of flight {unknown}


   Skills:
 + Level 3.4 Dodging
 + Level 3.6 Stealth
 * Level 4.9 Spellcasting
 * Level 6.0 Necromancy


You had 3 spell levels left.
You knew the following spells:

 Your Spells              Type           Power      Damage    Failure   Level
a - Necrotise             Necr           100%       1d9       1%          1
b - Vampiric Draining     Necr           32%        2d8       2%          3
c - Sublimation of Blood  Necr           32%        N/A       1%          2
d - Animate Dead          Necr           32%        N/A       9%          4

Your spell library contained the following spells:

 Spells                   Type           Power      Damage    Failure   Level
 Wereblood                Tmut           5%         N/A       16%         2
 Agony                    Necr           32%        N/A       24%         5
 Summon Hydra             Summ           2%         N/A       100%        7


Dungeon Overview and Level Annotations

Branches:
Dungeon (3/15)

Altars:


Message History

You shoot a sling bullet.
The sling bullet hits the orc but does no damage.
You shoot a sling bullet. The sling bullet barely misses the orc.
The sling bullet barely misses the orc priest.
The sling bullet hits the orc.
The orc is almost dead.
The orc attacks as you move away! The orc hits you but does no damage.
The orc priest mumbles some strange prayers to Beogh against you.
Beogh smites you!
Things that are here:
a +0 whip; a +0 leather armour The orc attacks as you move away!
The orc closely misses you.
The orc priest mumbles some strange prayers to Beogh against you.
Beogh smites you!
* * * LOW HITPOINT WARNING * * *
Okay, then.
Okay, then.
Casting: Necrotise (safe; 1% risk of failure)
Confirm with . or Enter, or press ? or * to list all spells.
Aiming: Vampiric Draining (dangerous; 2% risk of failure)
Press: ? - help, Shift-Dir - straight line, f/p - orc
Aim: an orc, wielding a +0 falchion and wearing a +0 leather armour You draw life force from the orc!
You kill the orc!
You feel life coursing into your body.
Casting: Vampiric Draining (dangerous; 2% risk of failure)
Confirm with . or Enter, or press ? or * to list all spells.
Aiming: Necrotise (safe; 1% risk of failure)
Press: ? - help, Shift-Dir - straight line, f - orc priest
Aim: an orc priest, wielding a +0 dagger (heavily wounded, chance to affect: 83%)
The orc priest writhes in agony.
Casting: Necrotise (safe; 1% risk of failure)
Confirm with . or Enter, or press ? or * to list all spells.
Aiming: Necrotise (safe; 1% risk of failure)
Press: ? - help, Shift-Dir - straight line, f/p - orc priest
Aim: an orc priest, wielding a +0 dagger (severely wounded, chance to affect: 83%)
The orc priest writhes in agony.
The orc priest mumbles some strange prayers to Beogh against you.
Pain shoots through your body!
You die...

.##.##....###...#
#....)....##.#
.##.#####..######
#.........##.# .##o#
##(.## #.........#...
.##o#
##).#######.........#...
.....
##o#....#######.####...
....). #.o....# #.# #...
#..o... ###o...## #.#
##... #....... #.)...#
#.♣P♣~... #.......o
#..@(.#### #.~~~~...
........o.
#####....###..~~~♣'#
#######..##.#####.#
#.......(##.# #.#
#.######..#.# #.#
#.##......#.# #.#
#.##.###....# #.# #.##.#
#....#####.# #.##.#
#........#.#


You could see an orc priest and 2 orcs.

Vanquished Creatures
  An orc priest (D:2)
  An orc wizard (D:2)
  A gnoll (D:1)
  2 adders
  A worm (D:2)
  A dart slug (D:2)
  9 orcs
  4 endoplasms
  2 giant cockroaches (D:1)
  4 goblins (D:1)
  5 hobgoblins
  7 jackals
  11 kobolds
  5 quokkas
  5 ball pythons
  4 bats
  3 frilled lizards
  6 rats
72 creatures vanquished.

Vanquished Creatures (collateral kills)
  A hobgoblin (D:1)
  2 rats
3 creatures vanquished.

Grand Total: 75 creatures vanquished

Notes
Turn   | Place    | Note
-------+----------+-------------------------------------------
     0 | D:1      | wakxed the Deep Elf Necromancer began the quest for the
                  | Orb.
     0 | D:1      | Reached XP level 1. HP: 10/10 MP: 6/6
   109 | D:1      | Reached skill level 5 in Necromancy
   125 | D:1      | Reached XP level 2. HP: 13/15 MP: 0/8
   412 | D:1      | Found a faded altar of an unknown god.
   530 | D:1      | Reached XP level 3. HP: 19/19 MP: 6/10
   628 | D:1      | Learned a level 2 spell: Sublimation of Blood
   632 | D:1      | Learned a level 3 spell: Vampiric Draining
  1229 | D:2      | Identified the +0 leather armour of Jigsaw {rPois}
  1459 | D:2      | Reached XP level 4. HP: 21/24 MP: 10/12
  1804 | D:2      | Learned a level 4 spell: Animate Dead
  2669 | D:3      | Reached XP level 5. HP: 28/28 MP: 11/14
  2891 | D:3      | Reached skill level 6 in Necromancy
  3370 | D:3      | Killed from afar by an orc priest

Illustrated notes

Levels and vault maps discovered:
D:1:      minmay_arrival_floating_metal, layout_basic, basic_ecumenical_altar,
          nicolae_hexahallways
D:2:      layout_loops_cross
D:3:      layout_basic, serial_bayou_pond_e

Skill      XL: |  1  2  3  4  5 |
---------------+----------------+-----
Necromancy     | 5 6 |  6.0
Dodging        | 3 |  3.4
Stealth        | 3 |  3.6
Spellcasting   | 4 |  4.9

Action                   |  1- 3 |  4- 6 || total
-------------------------+-------+-------++-------
 Fire: Sling             |       |    17 ||    17
 Cast: Necrotise         |    69 |    69 ||   138
       Animate Dead      |       |     2 ||     2
       Vampiric Draining |       |     1 ||     1
Armor: Robe              |       |     3 ||     3
Dodge: Dodged            |     1 |     5 ||     6
